 Dungeon Crawl Stone Soup version 0.26-a0-651-gb41185065b (webtiles) character file.

Game seed: 18335770304407913622

(classic levelgen) 28 EnegeticOcto the Shield-Bearer (level 2, -1/27 HPs)
             Began as a Deep Dwarf Fighter on Oct 14, 2020.
             Killed from afar by an orc wizard (2 damage)
             ... with a magic dart
             ... on level 4 of the Dungeon.
             The game lasted 00:00:20 (339 turns).

EnegeticOcto the Shield-Bearer (Deep Dwarf Fighter)  Turns: 339, Time: 00:00:21

Health: -1/27      AC:  6    Str: 19    XL:     2   Next: 96%
Magic:  2/2        EV:  7    Int:  8    God:
Gold:   21         SH:  0    Dex: 12    Spells: 1/1 levels left

rFire    . . .     SeeInvis .   a - +0 war axe
rCold    . . .     Faith    .   c - +0 kite shield
rNeg     . . .     Spirit   .   b - +0 scale mail
rPois    .         Reflect  .   (no helmet)
rElec    .         Harm     .   (no cloak)
rCorr    .         Rampage  .   (no gloves)
MR       .....                  (no boots)
Stlth    ..........             (no amulet)
HPRegen  0.00/turn              (no ring)
MPRegen  0.08/turn              (no ring)

@: confused, non-regenerating
A: damage resistance, heal wounds, sense surroundings 1, no regeneration
a: Heal Wounds


You were on level 4 of the Dungeon.
You visited 1 branch of the dungeon, and saw 4 of its levels.

You collected 21 gold pieces.

Inventory:

Hand Weapons
 a - a +0 war axe (weapon)
Armour
 b - a +0 scale mail (worn)
 c - a +0 kite shield (worn)
Scrolls
 e - 3 scrolls of fog {unknown}
Potions
 d - a potion of might {@q3}
 f - a potion of mutation {unknown}
 g - a potion of degeneration {unknown}


   Skills:
 + Level 2.9 Fighting
 * Level 2.9 Axes
 + Level 3.5 Armour
 + Level 3.6 Shields


You had one spell level left.
You didn't know any spells.
Your spell library was empty.

Dungeon Overview and Level Annotations

Branches:
Dungeon (4/15)
 Temple: D:4-7

Altars:
Nemelex Xobeh


Innate Abilities, Weirdness & Mutations

You are resistant to damage.
You can heal yourself by infusing magical energy.
You passively map a small area around you.
You do not regenerate.


Message History

No target in view!
An orc is nearby!
An orc is nearby!
An orc is nearby!
An orc is nearby!
An orc is nearby!
An orc is nearby!
You block the orc's attack.
You hit the orc but do no damage. You block the orc's attack.
Your unstable footing causes you to fumble your attack.
The orc hits you with a +0 mace. You block the orc's attack.
You hit the orc.
The orc is lightly wounded.
You block the orc's attack.
You closely miss the orc. The orc hits you with a +0 mace.
The orc hits you but does no damage.
You barely miss the orc. You hit the plant.
The plant begins to die.
You hit the plant.
The plant begins to die.
You block the orc's attack.
You completely miss the orc. You hit the plant. x2
You block the orc's attack.
You closely miss the orc. You hit the plant. x2
A nearby plant withers and dies.
The orc hits you but does no damage.
You barely miss the orc. You slash the plant!
A nearby plant withers and dies.
The orc barely misses you.
You barely miss the orc. You block the orc's attack. x2
You hit the orc.
The orc is moderately wounded.
The orc barely misses you.
You barely miss the orc.
The orc is moderately wounded.
The orc closely misses you.
You hit the orc.
The orc is almost dead.
You block the orc's attack.
You hit the orc but do no damage.
The orc is almost dead.
You block the orc's attack.
You hit the orc.
You kill the orc!
No target in view!
No target in view!
No target in view!
No target in view!
No target in view!
No target in view!
No target in view!
Things that are here:
a +0 mace; a +0 ring mail; an orc corpse You now have 15 gold pieces (gained 9).
You now have 21 gold pieces (gained 6).
A worm comes into view.
A worm is nearby!
A worm is nearby!
An orc wizard comes into view. It is wielding a +0 dagger.
The orc wizard shouts!
You hit the worm.
The worm is moderately wounded.
The orc wizard mumbles some strange words.
The orc wizard flickers and vanishes!
Deactivating autopickup; reactivate with Ctrl-A.
You block the worm's attack.
You slash the worm!
The worm is severely wounded.
A puff of flame appears from out of thin air!
The puff of flame hits you!
* * * LOW HITPOINT WARNING * * *
You are confused.
The worm bites you.
* * * LOW HITPOINT WARNING * * *
You are too injured to fight recklessly!
You are too injured to fight recklessly!
You are too injured to fight recklessly!
You are too injured to fight recklessly!
You are too injured to fight recklessly!
You are too injured to fight recklessly!
You are too injured to fight recklessly!
You are too injured to fight recklessly!
You are too injured to fight recklessly!
You are too injured to fight recklessly!
You are too injured to fight recklessly!
You are too injured to fight recklessly!
You are too injured to fight recklessly!
You are too injured to fight recklessly!
You are too injured to fight recklessly!
You are too injured to fight recklessly!
You are too injured to fight recklessly!
You're too confused!
You're too confused!
You're too confused!
You're too confused!
You bump into the rock wall.
An orc comes into view.
An orc wizard comes into view. It is wielding a -2 dagger.
The worm bites you but does no damage.
You're too confused!
You bump into the rock wall.
The orc wizard shouts!
The orc shouts!
A magic dart appears from out of thin air!
The magic dart hits you.
You die...

.....♣≈...P.....##
* *
,..P..P.PP......# ≈
* #....♣........#
#...♣.............
*
##.P..#..########..
#######....##..# .
* #........####..#
* , ≈ ..o.......#
#..# ≈ ..o{....@.#
#..# * *
.......w.## #..#
.........# *..# *
........## ,
.......## ####.##
## *


You could see a worm, an orc wizard and an orc.

Vanquished Creatures
  An adder (D:2)
  3 orcs
  2 goblins
  A hobgoblin (D:3)
  3 jackals (D:3)
  A kobold (D:3)
  4 rats
15 creatures vanquished.

Vanquished Creatures (others)
  3 plants (D:4)
3 creatures vanquished.

Grand Total: 18 creatures vanquished

Notes
Turn   | Place    | Note
-------+----------+-------------------------------------------
     0 | D:1      | EnegeticOcto the Deep Dwarf Fighter began the quest for the
                  | Orb.
     0 | D:1      | Reached XP level 1. HP: 20/20 MP: 1/1
    76 | D:2      | Found a sparkling altar of Nemelex Xobeh.
    87 | D:2      | Reached XP level 2. HP: 21/27 MP: 2/2
   336 | D:4      | HP: 1/27 [worm (5)]
   339 | D:4      | Killed from afar by an orc wizard

Illustrated notes

Levels and vault maps discovered:
D:1:      dpeg_arrival_pond, layout_loops_corners, hangedman_feature_mirror,
          minmay_heptomino_h4
D:2:      layout_rooms, nemelex_xobeh_ov_fountains_minmay
D:3:      layout_loops_ring, makhleb_grotto_becter, gup_sewer_entry_spiral,
          uniq_grinder
D:4:      layout_cave_pods, led_sif_pool, serial_bayou, serial_bayou_pond_a,
          serial_bayou_crossing, serial_bayou_pond_a, serial_bayou_shore_b,
          serial_bayou_pond_e

Action                   || total
-------------------------++-------
Melee: War axe           ||    78
Armor: Scale mail        ||    31
Dodge: Dodged            ||    28
Block: Kite shield       ||    36

Table legend: (Time is in decaauts)
 A = Elapsed time spent in this place.
 B = Non-inter-level travel time spent in this place.
 C = Inter-level travel time spent in this place.
 D = Time resting spent in this place.
 E = Time spent auto-exploring this place.
 F = Levels seen in this place.
 G = Mean time per level.
                   A        B        C        D        E       F      G
               +--------+--------+--------+--------+--------+-----+--------+
         Total |    374 |    355 |     19 |      0 |    192 |   4 |   93.5 |
       Dungeon |    374 |    355 |     19 |      0 |    192 |   4 |   93.5 |
               +--------+--------+--------+--------+--------+-----+--------+

Top non-repeatable levels by time:
     D:3: 172 daAuts
     D:4: 98 daAuts
     D:2: 69 daAuts
     D:1: 34 daAuts
